[ AOE2 MATCH · #507614674 ]
UnrankedJapanese vs Aztecs
Player's team · LOSS
Rival team · WIN
[ REPLAY ANALYSIS · EXTRACTED FROM THE RECORDED GAME ]
Feudal
13:23
Castle
31:01
Imperial
—
| APM avg | 17.0 |
| APM peak | 36 |
| eAPM avg | 9.7 |
| Villagers / military | 56 / 31 |
Focus
⚔️ 22.3% · 🌾 77.7%
Militia ×30 · Mangonel ×1
Feudal
11:09
Castle
30:43
Imperial
—
| APM avg | 81.0 |
| APM peak | 151 |
| eAPM avg | 31.4 |
| Villagers / military | 141 / 45 |
Focus
⚔️ 38.1% · 🌾 61.9%
Archer ×22 · Jaguar Warrior ×14 · Militia ×5 · Battering Ram ×4
Match map
Initial resources + every placement click. Lines = walls · curves = elevation contours. ◆ gold · ⬟ stone · ● berries · ✦ relic · ◌ wall gap
Your base· Open — unwalled flank
MrGrey's base· Open — unwalled flank
Smoothed initial terrain · ◌ = detected wall gap · hover for details
Inputs per minute
— [VENINI]LordMooca - - MrGrey
Build order — [VENINI]LordMooca
First 150 of 151 actions detected
| 0:02 | Queue | Villager (Male) ×4 |
| 0:03 | Research | Loom |
| 0:07 | Build | House |
| 1:50 | Queue | Villager (Male) |
| 2:42 | Queue | Villager (Male) |
| 2:42 | Queue | Villager (Male) |
| 2:48 | Build | House |
| 3:12 | Build | House |
| 3:20 | Queue | Villager (Male) |
| 3:20 | Queue | Villager (Male) |
| 4:25 | Build | House |
| 4:31 | Queue | Villager (Male) |
| 4:31 | Queue | Villager (Male) |
| 5:27 | Queue | Villager (Male) |
| 5:27 | Queue | Villager (Male) |
| 6:23 | Queue | Villager (Male) |
| 6:40 | Build | Lumber Camp |
| 7:03 | Queue | Villager (Male) |
| 7:03 | Queue | Villager (Male) |
| 7:04 | Queue | Villager (Male) |
| 8:44 | Queue | Villager (Male) |
| 8:55 | Queue | Villager (Male) |
| 9:18 | Build | Lumber Camp |
| 9:31 | Queue | Villager (Male) |
| 10:02 | Build | Mill |
| 10:13 | Build | Barracks |
| 10:20 | Queue | Villager (Male) |
| 10:44 | Queue | Villager (Male) |
| 11:13 | Research | Feudal Age |
| 11:27 | Queue | Militia |
| 11:33 | Build | House |
| 12:04 | Build | House |
| 12:30 | Queue | Militia |
| 12:30 | Queue | Militia |
| 12:41 | Build | Mill |
| 13:06 | Build | House |
| 13:14 | Queue | Militia |
| 13:23 | Age | Feudal Age |
| 13:26 | Queue | Villager (Male) |
| 13:42 | Research | Man-at-Arms (upgrade) |
| 14:05 | Queue | Villager (Male) |
| 14:20 | Queue | Militia |
| 14:56 | Research | Arson |
| 15:00 | Queue | Villager (Male) |
| 15:00 | Queue | Villager (Male) |
| 15:25 | Build | Watch Tower |
| 16:40 | Queue | Militia |
| 16:40 | Queue | Militia |
| 16:41 | Queue | Militia |
| 16:45 | Queue | Villager (Male) |
| 16:45 | Queue | Villager (Male) |
| 16:45 | Queue | Villager (Male) |
| 17:32 | Queue | Militia |
| 17:32 | Queue | Militia |
| 17:36 | Queue | Villager (Male) |
| 18:13 | Queue | Militia |
| 18:19 | Build | Market |
| 19:05 | Queue | Villager (Male) |
| 19:15 | Build | Mill |
| 19:31 | Build | Watch Tower |
| 21:00 | Build | Farm |
| 21:00 | Build | Farm |
| 21:00 | Build | Farm |
| 21:00 | Build | Farm |
| 21:01 | Build | Farm |
| 21:01 | Build | Farm |
| 21:01 | Build | Farm |
| 21:01 | Build | Farm |
| 21:02 | Build | Farm |
| 21:21 | Queue | Militia |
| 21:21 | Queue | Militia |
| 21:34 | Build | Farm |
| 21:36 | Build | Farm |
| 21:36 | Build | Farm |
| 21:36 | Build | Farm |
| 21:36 | Build | Farm |
| 21:37 | Build | Farm |
| 21:37 | Build | Farm |
| 21:54 | Queue | Militia |
| 22:05 | Queue | Villager (Male) |
| 22:06 | Queue | Villager (Male) |
| 22:18 | Queue | Militia |
| 22:35 | Queue | Villager (Male) |
| 22:41 | Build | House |
| 22:46 | Build | Mining Camp |
| 22:49 | Queue | Villager (Male) |
| 22:55 | Queue | Militia |
| 23:36 | Queue | Villager (Male) |
| 23:37 | Queue | Villager (Male) |
| 23:41 | Research | Double-Bit Axe |
| 23:54 | Build | Blacksmith |
| 24:40 | Research | Wheelbarrow |
| 25:53 | Queue | Villager (Male) |
| 25:53 | Queue | Villager (Male) |
| 25:54 | Queue | Villager (Male) |
| 26:09 | Research | Forging |
| 26:12 | Queue | Militia |
| 26:12 | Queue | Militia |
| 26:12 | Queue | Militia |
| 27:40 | Queue | Villager (Male) |
| 27:40 | Queue | Villager (Male) |
| 27:52 | Build | House |
| 27:56 | Queue | Militia |
| 27:56 | Queue | Militia |
| 27:59 | Research | Scale Mail Armor |
| 28:21 | Research | Castle Age |
| 28:39 | Queue | Militia |
| 29:31 | Build | Watch Tower |
| 30:01 | Queue | Militia |
| 30:02 | Queue | Militia |
| 30:02 | Queue | Militia |
| 30:02 | Queue | Militia |
| 31:01 | Age | Castle Age |
| 31:06 | Research | Long Swordsman (upgrade) |
| 31:17 | Research | Bow Saw |
| 31:21 | Queue | Villager (Male) |
| 31:21 | Queue | Villager (Male) |
| 31:21 | Queue | Villager (Male) |
| 32:08 | Research | Gambesons |
| 32:21 | Queue | Villager (Male) |
| 32:26 | Queue | Militia |
| 32:26 | Queue | Militia |
| 32:47 | Build | Town Center |
| 32:53 | Queue | Villager (Male) |
| 32:53 | Queue | Villager (Male) |
| 33:03 | Queue | Militia |
| 33:28 | Queue | Villager (Male) |
| 33:28 | Queue | Villager (Male) |
| 33:37 | Queue | Militia |
| 33:59 | Research | Chain Mail Armor |
| 34:46 | Research | Iron Casting |
| 35:00 | Research | Squires |
| 35:03 | Queue | Villager (Male) |
| 35:03 | Queue | Villager (Male) |
| 35:49 | Build | Town Center |
| 36:48 | Queue | Villager (Male) |
| 36:48 | Queue | Villager (Male) |
| 36:49 | Queue | Villager (Male) |
| 37:30 | Queue | Villager (Male) |
| 38:18 | Build | Farm |
| 38:18 | Build | Farm |
| 38:19 | Build | Farm |
| 38:19 | Build | Farm |
| 38:19 | Build | Farm |
| 38:19 | Build | Farm |
| 38:20 | Build | Farm |
| 39:39 | Build | Castle |
| 39:44 | Research | Fletching |
| 40:08 | Build | Siege Workshop |
| 40:58 | Build | Palisade Gate |
Build order — MrGrey
First 150 of 283 actions detected
| 0:01 | Queue | Villager (Male) |
| 0:01 | Queue | Villager (Male) |
| 0:02 | Queue | Villager (Male) |
| 0:02 | Queue | Villager (Male) |
| 0:03 | Build | House |
| 0:05 | Build | House |
| 1:18 | Queue | Villager (Male) |
| 1:52 | Queue | Villager (Male) |
| 2:47 | Queue | Villager (Male) |
| 2:47 | Queue | Villager (Male) |
| 2:50 | Queue | Villager (Male) |
| 2:50 | Queue | Villager (Male) |
| 3:06 | Queue | Villager (Male) |
| 3:15 | Queue | Villager (Male) |
| 3:41 | Build | House |
| 4:01 | Queue | Villager (Male) |
| 4:03 | Queue | Villager (Male) |
| 4:03 | Queue | Villager (Male) |
| 4:05 | Queue | Villager (Male) |
| 4:06 | Queue | Villager (Male) |
| 4:10 | Build | Lumber Camp |
| 4:44 | Queue | Villager (Male) |
| 4:45 | Queue | Villager (Male) |
| 5:07 | Queue | Villager (Male) |
| 5:22 | Build | House |
| 5:28 | Queue | Villager (Male) |
| 5:40 | Queue | Villager (Male) |
| 5:40 | Queue | Villager (Male) |
| 5:45 | Queue | Villager (Male) |
| 5:45 | Queue | Villager (Male) |
| 6:00 | Queue | Villager (Male) |
| 6:22 | Queue | Villager (Male) |
| 6:28 | Queue | Villager (Male) |
| 6:33 | Queue | Villager (Male) |
| 6:33 | Queue | Villager (Male) |
| 6:46 | Queue | Villager (Male) |
| 6:46 | Queue | Villager (Male) |
| 6:51 | Build | Mill |
| 6:56 | Queue | Villager (Male) |
| 7:05 | Research | Loom |
| 7:16 | Queue | Villager (Male) |
| 8:34 | Queue | Villager (Male) |
| 8:45 | Research | Feudal Age |
| 8:45 | Research | Feudal Age |
| 9:39 | Queue | Villager (Male) |
| 9:42 | Queue | Villager (Male) |
| 9:51 | Build | Barracks |
| 10:29 | Build | Palisade Wall |
| 10:38 | Build | House |
| 10:39 | Queue | Villager (Male) |
| 10:54 | Queue | Militia |
| 10:55 | Queue | Militia |
| 10:55 | Queue | Militia |
| 10:55 | Queue | Militia |
| 11:09 | Age | Feudal Age |
| 11:11 | Queue | Villager (Male) |
| 11:19 | Queue | Villager (Male) |
| 11:27 | Queue | Villager (Male) |
| 11:28 | Queue | Villager (Male) |
| 12:01 | Research | Man-at-Arms (upgrade) |
| 12:03 | Queue | Villager (Male) |
| 12:04 | Queue | Villager (Male) |
| 12:08 | Build | Archery Range |
| 12:30 | Queue | Villager (Male) |
| 12:30 | Queue | Villager (Male) |
| 12:31 | Queue | Villager (Male) |
| 12:44 | Queue | Villager (Male) |
| 12:44 | Queue | Villager (Male) |
| 12:46 | Queue | Villager (Male) |
| 12:49 | Queue | Villager (Male) |
| 12:53 | Build | Mining Camp |
| 12:53 | Queue | Villager (Male) |
| 13:01 | Build | House |
| 13:06 | Research | Wheelbarrow |
| 13:17 | Queue | Villager (Male) |
| 13:19 | Queue | Villager (Male) |
| 13:25 | Queue | Villager (Male) |
| 13:47 | Queue | Villager (Male) |
| 13:47 | Queue | Villager (Male) |
| 13:58 | Queue | Villager (Male) |
| 14:03 | Queue | Villager (Male) |
| 14:10 | Queue | Villager (Male) |
| 14:18 | Queue | Archer |
| 14:18 | Queue | Villager (Male) |
| 14:18 | Queue | Villager (Male) |
| 14:19 | Queue | Villager (Male) |
| 14:29 | Queue | Militia |
| 14:33 | Queue | Villager (Male) |
| 14:48 | Queue | Villager (Male) |
| 14:50 | Queue | Villager (Male) |
| 14:56 | Queue | Archer |
| 14:56 | Queue | Archer |
| 14:56 | Queue | Villager (Male) |
| 15:01 | Queue | Villager (Male) |
| 15:10 | Queue | Villager (Male) |
| 15:14 | Build | House |
| 15:15 | Build | House |
| 15:20 | Build | House |
| 15:23 | Build | House |
| 15:56 | Queue | Archer |
| 16:45 | Queue | Archer |
| 16:45 | Queue | Archer |
| 16:59 | Build | Farm |
| 16:59 | Build | Farm |
| 16:59 | Build | Farm |
| 16:59 | Build | Farm |
| 16:59 | Build | Farm |
| 17:00 | Build | Farm |
| 17:25 | Queue | Archer |
| 17:41 | Queue | Villager (Male) |
| 17:42 | Queue | Villager (Male) |
| 17:51 | Queue | Villager (Male) |
| 18:57 | Queue | Villager (Male) |
| 18:57 | Queue | Villager (Male) |
| 18:58 | Queue | Villager (Male) |
| 19:02 | Queue | Archer |
| 19:02 | Queue | Archer |
| 19:02 | Queue | Villager (Male) |
| 19:10 | Queue | Archer |
| 19:10 | Queue | Archer |
| 19:16 | Build | Blacksmith |
| 19:19 | Build | Farm |
| 19:20 | Build | Farm |
| 19:20 | Build | Farm |
| 19:20 | Build | Farm |
| 19:27 | Queue | Archer |
| 19:28 | Queue | Archer |
| 19:57 | Build | House |
| 20:02 | Build | Palisade Wall |
| 20:05 | Build | Palisade Wall |
| 20:06 | Build | Palisade Wall |
| 20:11 | Queue | Villager (Male) |
| 20:24 | Queue | Villager (Male) |
| 20:32 | Build | Gate |
| 20:38 | Build | Palisade Gate |
| 20:46 | Build | House |
| 21:35 | Queue | Villager (Male) |
| 21:36 | Queue | Villager (Male) |
| 21:48 | Queue | Villager (Male) |
| 21:50 | Build | Farm |
| 21:50 | Build | Farm |
| 21:50 | Build | Farm |
| 21:50 | Build | Farm |
| 21:51 | Build | Farm |
| 22:07 | Queue | Villager (Male) |
| 22:10 | Queue | Villager (Male) |
| 22:18 | Build | Palisade Wall |
| 22:33 | Queue | Villager (Male) |
| 22:34 | Queue | Villager (Male) |
| 22:45 | Build | Farm |
Match timeline
| 9:51 | MrGrey · first_building Barracks |
| 10:13 | [VENINI]LordMooca · first_building Barracks |
| 10:29 | MrGrey · wall_segment Palisade Wall x4 |
| 11:09 | MrGrey · age_up feudal |
| 12:08 | MrGrey · first_building Archery Range |
| 13:23 | [VENINI]LordMooca · age_up feudal |
| 19:23 | [VENINI]LordMooca · first_market_buy 100 stone |
| 20:02 | MrGrey · wall_segment Palisade Wall x1 |
| 20:05 | MrGrey · wall_segment Palisade Wall x1 |
| 20:06 | MrGrey · wall_segment Palisade Wall x1 |
| 22:18 | MrGrey · wall_segment Palisade Wall x14 |
| 24:34 | MrGrey · wall_segment Palisade Wall x1 |
| 28:11 | [VENINI]LordMooca · first_market_sell 500 wood |
| 30:43 | MrGrey · age_up castle |
| 31:01 | [VENINI]LordMooca · age_up castle |
| 34:25 | MrGrey · first_building Castle |
| 36:47 | MrGrey · wall_segment Palisade Wall x1 |
| 36:54 | MrGrey · wall_segment Palisade Wall x1 |
| 37:09 | MrGrey · wall_segment Stone Wall x3 |
| 37:19 | MrGrey · first_building Siege Workshop |
| 39:39 | [VENINI]LordMooca · first_building Castle |
| 40:08 | [VENINI]LordMooca · first_building Siege Workshop |
| 42:04 | [VENINI]LordMooca · resign |
[ AI ANALYSIS · 1 CREDIT ]
What really happened in this match?
Wolo.gg analyzes every decision: build order, eco, micro, common mistakes by bracket. Personalized analysis on WhatsApp or Discord in 30 seconds.
Civ guide
Japanese
Perfil
Jugador #3364516